 Dungeon Sprint DCSS version 0.30-a0-719-gcc4359ea44 (webtiles) character file.

Game seed: 2913827980919892408

19527 BigDaddyOpFi the Anamnesiscian (level 12, -3/95 HPs)
             Began as a Demonspawn Fighter on Jan 26, 2023.
             Was an Elder of Hepliaklqana.
             Slain by a fire dragon (6 damage)
             ... in the Dungeon (Sprint IX: "|||||||||||||||||||||||||||||").
             The game lasted 00:06:14 (2903 turns).

BigDaddyOpFi the Anamnesiscian (Demonspawn Fighter) Turns: 2903, Time: 00:06:15

Health: -3/95      AC: 34    Str: 21    XL:     12   Next: 37%
Magic:  27/27      EV: 12    Int: 11    God:    Hepliaklqana [****..]
Gold:   181        SH:  0    Dex: 12    Spells: 11/11 levels left

rFire   . . .      SeeInvis +    t - +12 pair of quick blades "Gyre" and "Gimble" {protect}
rCold   + . .      Faith    .    (shield currently unavailable)
rNeg    . . .      Spirit   .    E - +5 plate armour {rC+}
rPois   .          Reflect  .    (helmet restricted)
rElec   .          Harm     .    D - +2 cloak of the Thief {*Fog Slay-2 SInv Stlth+}
rCorr   .          Rampage  .    a - +0 pair of gloves
Will    .....      NoTele   +    y - +0 pair of boots Stlth
                                 (no amulet)
HPRegen 0.35/turn                q - +2 ring of evasion
MPRegen 0.40/turn                r - +2 ring of evasion

@: under a protective aura
A: reduced essence, horns 2, ignite blood 2, magic regeneration, sturdy frame 2
a: Renounce Religion, Recall Ancestor, Ancestor Identity, Transference, Idealise


You were in the Dungeon.
You worshipped Hepliaklqana.
Hepliaklqana was greatly pleased with you.
You visited 1 branch You collected 181 gold pieces.

Inventory:

Hand Weapons
 o - a +4 heavy war axe
 t - the +12 pair of quick blades "Gyre" and "Gimble" (weapon) {protect}
   (You found it in the Dungeon)
Armour
 a - a +0 pair of gloves (worn)
 y - a +0 pair of boots (worn)
 D - the +2 cloak of the Thief (worn) {*Fog Slay-2 SInv Stlth+}
   (You found it in the Dungeon)

   *Fog:      It may release a thick cloud of smoke when the wearer is hurt.
   Slay:      It affects your accuracy & damage with ranged weapons and melee
   (-2).
   SInv:      It lets you see invisible.
   Stlth:     It makes you more stealthy.
 E - a +5 plate armour of cold resistance (worn)
Jewellery
 c - a ring of ice
 q - a +2 ring of evasion (left hand)
 r - a +2 ring of evasion (right hand)
 z - a ring of see invisible
 A - a ring of willpower
 B - a ring of willpower
Wands
 b - a wand of mindburst (11)
 m - a wand of quicksilver (7) (quivered)
Scrolls
 j - 2 scrolls of blinking
 l - 2 scrolls of amnesia
 u - 4 scrolls of identify
 v - 5 scrolls of enchant weapon
 x - 2 scrolls of fog
Potions
 d - a potion of might
 e - a potion of invisibility
 f - 2 potions of heal wounds
 g - a potion of haste
 h - 4 potions of magic
 i - a potion of berserk rage
 k - 6 potions of curing
 n - a potion of brilliance
 s - 2 potions of resistance


   Skills:
 + Level 13.9 Fighting
 + Level 8.4 Short Blades
 - Level 10.0 Axes
 + Level 12.9 Armour
 + Level 12.9 Shields
 * Level 22.7 Invocations


You had 11 spell levels left.
You didn't know any spells.
Your spell library contained the following spells:

 Spells                   Type           Power      Damage    Failure   Level
 Ignite Poison            Fire/Tmut/Pois 0%         N/A       99%         3
 Kindle Blastsparks       Fire/Tloc/Air  0%         2d10      99%         3
 Animate Armour           Summ/Erth      0%         N/A       100%        4
 Dispel Undead            Necr           0%         3d6       100%        4
 Freezing Cloud           Conj/Ice/Air   0%         6-21      100%        5
 Haunt                    Necr/Summ      0%         N/A       100%        7


Dungeon Overview and Level Annotations

Branches:
Dungeon (1/1)

Altars:
Cheibriados
Dithmenos
Fedhas
Gozag
Hepliaklqana
Kikubaaqudgha
Makhleb
Nemelex Xobeh
Okawaru
Qazlal
Ru
Sif Muna
Trog
Uskayaw
Vehumet
Wu Jian
Xom
Yredelemnul
Jiyva
Lugonu

Shops:
D [(:=


Innate Abilities, Weirdness & Mutations

Your life essence is reduced to manifest your ancestor. (-10% HP)
You have a pair of horns on your head.
Your demonic aura often causes spilled blood to erupt in flames.
You regenerate magic rapidly.
Your movements are less encumbered by armour. (ER -4)


Message History

You puncture the purple very ugly thing!
The glowing orange brain pulsates.
You are confused.
You bump into the unnaturally hard rock wall.
The purple very ugly thing is engulfed in blazing flames.
The purple very ugly thing trunk-slaps you!
* * * LOW HITPOINT WARNING * * *
With a swish of your cloak, you release a cloud of fog.
You bump into the unnaturally hard rock wall.
The purple very ugly thing is engulfed in blazing flames.
The purple very ugly thing trunk-slaps you but does no damage.
The rakshasa weaves an illusion.
You bump into the unnaturally hard rock wall.
The purple very ugly thing is engulfed in blazing flames.
The purple very ugly thing trunk-slaps you!
* * * LOW HITPOINT WARNING * * *
With a swish of your cloak, you release a cloud of fog.
The rakshasa weaves an illusion.
The glowing orange brain blinks!
You feel much better.
The purple very ugly thing is engulfed in blazing flames.
The purple very ugly thing trunk-slaps you.
You feel much better.
You feel less confused.
The purple very ugly thing is engulfed in blazing flames.
You kill the purple very ugly thing!
The fire dragon breathes flames at you.
The blast of flame hits the efreet.
The efreet completely resists.
The blast of flame hits you!
You hit the efreet.
Your weapon exudes an aura of protection.
You headbutt the efreet.
You kill the efreet!
The fire dragon breathes flames at you. The blast of flame hits you!!!
* * * LOW HITPOINT WARNING * * *
Things that are here:
a +3 scimitar of flaming; a very ugly thing corpse The fire dragon bites you.
You die...

▓▓▓▓▓▓▓▓▓▓▓▓▓▓▓▓▓▓▓▓▓▓▓
+.GhRD@§§§§.)))('......
▓▓▓▓▓▓▓▓▓▓▓▓▓▓▓▓▓▓▓▓▓▓▓▓▓▓▓▓▓▓▓▓▓
▓................................
▓.▓▓▓▓▓▓▓▓▓▓▓▓▓▓▓▓▓▓▓▓▓▓▓▓▓▓▓▓▓▓▓
▓.........'..)))∩.∩)∩.∩))))))))))
▓▓▓▓▓▓▓▓▓▓▓▓▓▓▓▓▓▓▓▓▓▓▓▓▓▓▓▓▓▓▓▓▓
▓.......)..........).............
▓.▓▓▓▓▓▓▓▓▓▓▓▓▓▓▓▓▓▓▓▓▓▓▓▓▓▓▓▓▓▓▓
▓....'..[.[[..'.[......††††'.....


You could see a fire dragon (catching breath), a rakshasa, a glowing orange
brain and a warg shaped shifter.

Vanquished Creatures
  2 stone giants (D)
  2 very ugly things (D)
  Josephine (D)
  An ogre mage (D)
  Erolcha (D)
  2 centaur warriors (D)
  A catoblepas (D)
  4 orc high priests (D)
  An orc knight (D)
  A deep elf pyromancer (D)
  A cyclops (D)
  An ugly thing (D)
  A black mamba (D)
  A torpor snail (D)
  2 cane toads (D)
  A kobold demonologist (D)
  2 rime drakes (D)
  3 komodo dragons (D)
  An efreet (D)
  A slime creature (D)
  6 wraiths (D)
  A wyvern (D)
  Eustachio (D)
  A yak (D)
  A basilisk (D)
  A vampire mosquito (D)
  A steam dragon (D)
  2 wargs (D)
  An acid dragon (D)
  2 hell hounds (D)
  5 water moccasins (D)
  8 orc warriors (D)
  4 wolves (D)
  2 centaurs (D)
  2 bullfrogs (D)
  14 orc priests (D)
  3 orc wizards (D)
  An adder (D)
  11 orcs (D)
  A bat (D)
  A kobold (D)
  2 ball pythons (D)
  A frilled lizard (D)
102 creatures vanquished.

Vanquished Creatures (collateral kills)
  An orc high priest (D)
  Sonja (D)
2 creatures vanquished.

Vanquished Creatures (others)
  A wizard (D)
  A vampire (D)
  A knight (D)
3 creatures vanquished.

Grand Total: 107 creatures vanquished

Notes
Turn   | Place    | Note
-------+----------+-------------------------------------------
     0 | D        | BigDaddyOpFi the Demonspawn Fighter began the quest for the
                  | Orb.
     0 | D        | Reached XP level 1. HP: 18/18 MP: 1/1
    20 | D        | Noticed a water moccasin
    25 | D        | Gained mutation: Your demonic aura sometimes causes spilled
                  | blood to erupt in flames. [demonic ancestry]
    25 | D        | Reached XP level 2. HP: 24/24 MP: 2/2
    32 | D        | Killed a water moccasin
    33 | D        | Reached skill level 5 in Fighting
    33 | D        | Gained mutation: Your demonic aura often causes spilled
                  | blood to erupt in flames. [demonic ancestry]
    33 | D        | Reached XP level 3. HP: 32/33 MP: 3/3
    33 | D        | Reached XP level 4. HP: 38/39 MP: 4/4
    45 | D        | Reached skill level 5 in Armour
    45 | D        | Reached skill level 5 in Shields
   201 | D        | Found a snail-covered altar of Cheibriados.
   201 | D        | Found a shadowy altar of Dithmenos.
   201 | D        | Found a blossoming altar of Fedhas.
   201 | D        | Found an opulent altar of Gozag.
   202 | D        | Found a hazy altar of Hepliaklqana.
   203 | D        | Found a viscous altar of Jiyva.
   204 | D        | Found an ancient bone altar of Kikubaaqudgha.
   205 | D        | Found a corrupted altar of Lugonu.
   206 | D        | Found a burning altar of Makhleb.
   207 | D        | Found a sparkling altar of Nemelex Xobeh.
   208 | D        | Found an iron altar of Okawaru.
   209 | D        | Found a stormy altar of Qazlal.
   210 | D        | Found a sacrificial altar of Ru.
   211 | D        | Found a shimmering blue altar of Sif Muna.
   212 | D        | Found a bloodstained altar of Trog.
   213 | D        | Found a hide-covered altar of Uskayaw.
   214 | D        | Found a radiant altar of Vehumet.
   215 | D        | Found an ornate altar of the Wu Jian Council.
   216 | D        | Found a shimmering altar of Xom.
   224 | D        | Became a worshipper of Hepliaklqana the Forgotten
   232 | D        | Found a basalt altar of Yredelemnul.
   290 | D        | Noticed a centaur
   290 | D        | Noticed a kobold demonologist
   290 | D        | Noticed a steam dragon
   290 | D        | Noticed a vampire mosquito
   290 | D        | Noticed a centaur
   293 | D        | Reached skill level 2 in Invocations
   293 | D        | Gained mutation: You have a pair of small horns on your
                  | head. [demonic ancestry]
   293 | D        | Reached XP level 5. HP: 46/46 MP: 4/6
   293 | D        | Killed a centaur
   294 | D        | Reached skill level 5 in Axes
   294 | D        | Reached skill level 5 in Invocations
   294 | D        | Killed a steam dragon
   295 | D        | Reached skill level 7 in Invocations
   295 | D        | Reached XP level 6. HP: 53/53 MP: 4/11
   296 | D        | Killed a vampire mosquito
   297 | D        | Reached skill level 8 in Invocations
   298 | D        | Killed a kobold demonologist
   299 | D        | Reached skill level 10 in Invocations
   299 | D        | Reached XP level 7. HP: 61/61 MP: 5/14
   551 | D        | Noticed a vampire
   551 | D        | Noticed a white ugly thing
   551 | D        | Noticed a wraith
   551 | D        | Noticed a centaur warrior
   551 | D        | Noticed a deep elf pyromancer
   552 | D        | Killed a deep elf pyromancer
   553 | D        | Reached skill level 11 in Invocations
   553 | D        | Reached XP level 8. HP: 68/69 MP: 14/16
   556 | D        | Killed a centaur warrior
   557 | D        | Reached skill level 13 in Invocations
   559 | D        | Killed a white ugly thing
   560 | D        | Gained mutation: Your movements are slightly less
                  | encumbered by armour. (ER -2) [demonic ancestry]
   560 | D        | Reached XP level 9. HP: 43/77 MP: 15/19
   565 | D        | Reached skill level 14 in Invocations
   828 | D        | Reached * piety under Hepliaklqana
   896 | D        | Reached ** piety under Hepliaklqana
   903 | D        | Remembered your ancestor Tepiltzin as a knight
   907 | D        | Found the +12 pair of quick blades "Gyre" and "Gimble"
                  | {protect}
   921 | D        | Got the Parchment of the Macabre Escort
   938 | D        | Noticed a komodo dragon
   938 | D        | Noticed a cane toad
   938 | D        | Noticed a catoblepas
   938 | D        | Noticed a komodo dragon
   938 | D        | Noticed a cane toad
   941 | D        | Killed a cane toad
   942 | D        | Noticed a rime drake
   948 | D        | Killed a catoblepas
   948 | D        | Killed a komodo dragon
   949 | D        | Reached skill level 10 in Fighting
   949 | D        | Reached skill level 15 in Invocations
   949 | D        | Noticed a rime drake
   951 | D        | Killed a cane toad
   955 | D        | Killed a komodo dragon
   956 | D        | Reached skill level 16 in Invocations
   956 | D        | Gained mutation: You regenerate magic rapidly. [demonic
                  | ancestry]
   956 | D        | Reached XP level 10. HP: 71/77 MP: 20/22
   971 | D        | Reached skill level 10 in Axes
   971 | D        | Reached skill level 10 in Armour
   971 | D        | Reached skill level 10 in Shields
   985 | D        | Noticed a black mamba
   985 | D        | Noticed a torpor snail
   993 | D        | Killed a torpor snail
   994 | D        | Reached skill level 1 in Short Blades
   994 | D        | Reached skill level 17 in Invocations
  1001 | D        | Killed a black mamba
  1362 | D        | Reached skill level 18 in Invocations
  1457 | D        | Reached *** piety under Hepliaklqana
  1465 | D        | Noticed Sonja
  1473 | D        | Killed Sonja
  1474 | D        | Gained mutation: Your movements are less encumbered by
                  | armour. (ER -4) [demonic ancestry]
  1474 | D        | Reached XP level 11. HP: 54/85 MP: 24/24
  1721 | D        | Noticed Erolcha
  1728 | D        | Killed Erolcha
  1806 | D        | Reached skill level 19 in Invocations
  1809 | D        | Reached **** piety under Hepliaklqana
  1969 | D        | Noticed an orc knight
  1982 | D        | Killed an orc knight
  1983 | D        | Reached skill level 5 in Short Blades
  1985 | D        | Noticed an orc high priest
  2007 | D        | Killed an orc high priest
  2188 | D        | Found Xaxog's Jewellery Boutique.
  2188 | D        | Noticed an orc high priest
  2193 | D        | Killed an orc high priest
  2194 | D        | Reached skill level 20 in Invocations
  2197 | D        | Found Wusees's Book Shop.
  2200 | D        | Found Eshoc's Weapon Boutique.
  2205 | D        | Found Kuhorox's Antique Armour Shop.
  2208 | D        | Noticed an orc high priest
  2209 | D        | Noticed an orc high priest
  2211 | D        | Noticed an orc high priest
  2218 | D        | Killed an orc high priest
  2218 | D        | HP: 3/86 [orc priest/divine providence (13)]
  2225 | D        | Killed an orc high priest
  2231 | D        | Killed an orc high priest
  2451 | D        | Noticed Eustachio
  2456 | D        | Noticed Josephine
  2472 | D        | Killed Josephine
  2475 | D        | Reached skill level 21 in Invocations
  2503 | D        | Killed Eustachio
  2731 | D        | Found the +2 cloak of the Thief {*Fog Slay-2 SInv Stlth+}
  2814 | D        | Noticed a centaur warrior
  2814 | D        | Noticed a wizard
  2814 | D        | Noticed an ogre mage
  2822 | D        | Killed an ogre mage
  2823 | D        | Noticed a stone giant
  2824 | D        | Killed a wizard
  2825 | D        | Gained mutation: You have a pair of horns on your head.
                  | [demonic ancestry]
  2825 | D        | Reached XP level 12. HP: 89/94 MP: 26/26
  2825 | D        | Noticed a stone giant
  2830 | D        | Killed a centaur warrior
  2831 | D        | Noticed a white very ugly thing
  2834 | D        | Noticed a fire dragon
  2844 | D        | Killed a stone giant
  2845 | D        | Reached skill level 22 in Invocations
  2845 | D        | Noticed a brown very ugly thing
  2848 | D        | Noticed a rakshasa
  2872 | D        | Killed a stone giant
  2882 | D        | Killed a purple very ugly thing
  2900 | D        | Killed a purple very ugly thing
  2902 | D        | HP: 3/95 [fire dragon/blast of flame (44)]
  2903 | D        | Slain by a fire dragon

Illustrated notes

Levels and vault maps discovered:
D:        linesprint [early_d, line_temple, items_1, d_10, items_2, lair_1,
          lair_end, items_3, orc_1, orc_end, items_4, d_15, swamp_1, shoals_1,
          snake_1, spider_1, d_20, vaults_1, items_5, swamp_end, shoals_end,
          snake_end, spider_end, vaults_end, d_27, items_6, zot_1, zot_end,
          crypt_end, forest_end, elf_end, slime_end, tomb_end, abyss_end,
          pan_hell_end]

Skill      XL: |  1  2  3  4  5  6  7  8  9 10 11 12 |
---------------+-------------------------------------+-----
Axes           | 2 4 5 7 8 9 10 | 10.0
Armour         | 3 4 5 6 7 8 9 10 12 | 12.9
Shields        | 3 4 5 6 7 8 9 10 12 | 12.9
Fighting       | 5 6 7 8 9 10 11 13 | 13.9
Invocations    | 2 7 10 11 13 16 18 21 22 | 22.7
Short Blades   | 4 7 8 |  8.4

Action                     |  1- 3 |  4- 6 |  7- 9 | 10-12 || total
---------------------------+-------+-------+-------+-------++-------
  Melee: War axe           |    19 |    18 |    13 |       ||    50
         Headbutt          |       |       |    10 |    61 ||    71
         Pair of quick bla |       |       |    15 |   228 ||   243
 Invoke: Ancestor Life: Kn |       |       |     1 |       ||     1
         Idealise          |       |       |       |     2 ||     2
  Evoke: Wand              |       |     1 |       |     2 ||     3
    Use: Potion            |     2 |       |       |     4 ||     6
         Scroll            |       |       |       |     3 ||     3
 Armour: Scale mail        |     8 |     7 |       |       ||    15
         Ring mail         |       |     4 |     7 |    42 ||    53
         Plate armour      |       |       |       |    17 ||    17
  Dodge: Dodged            |     9 |    16 |    19 |    60 ||   104
  Block: Buckler           |     4 |     7 |     8 |       ||    19

Table legend: (Time is in decaauts)
 A = Elapsed time spent in this place.
 B = Non-inter-level travel time spent in this place.
 C = Inter-level travel time spent in this place.
 D = Time resting spent in this place.
 E = Time spent auto-exploring this place.
 F = Levels seen in this place.
 G = Mean time per level.
                   A        B        C        D        E       F      G
               +--------+--------+--------+--------+--------+-----+--------+
         Total |   2818 |   2818 |      0 |   1932 |      0 |   1 | 2818.0 |
       Dungeon |   2818 |   2818 |      0 |   1932 |      0 |   1 | 2818.0 |
               +--------+--------+--------+--------+--------+-----+--------+

Top non-repeatable levels by time:
       D: 2818 daAuts
